 Dungeon Crawl Stone Soup version 0.19-a0-45-g2c295ea (webtiles) character file.

51 ololoev the Chopper (level 3, -2/33 HPs)
             Began as a Hill Orc Fighter on May 5, 2016.
             Slain by a goblin (3 damage)
             ... led by Robin
             ... on level 2 of the Dungeon.
             The game lasted 00:01:34 (733 turns).

ololoev the Chopper (Hill Orc Fighter)               Turns: 733, Time: 00:01:35

Health: -2/33      AC:  7    Str: 24    XL:     3   Next: 83%
Magic:  3/3        EV:  9    Int:  8    God:
Gold:   74         SH:  0    Dex: 10    Spells: 0 memorised, 2 levels left

rFire  . . .     SeeInvis .     a - +0 war axe
rCold  . . .     Gourm    .     b - +0 scale mail
rNeg   . . .     Faith    .     (no shield)
rPois  .         Spirit   .     (no helmet)
rElec  .         Dismiss  .     (no cloak)
rCorr  .         Reflect  .     (no gloves)
SustAt .         Harm     .     (no boots)
MR     .....                    (no amulet)
Stlth  ..........               (no ring)
                                (no ring)

@: mighty, lethally poisoned (-2 -> -4), not resistant to hostile enchantments,
extremely unstealthy
A: no striking features
a: no special abilities

Inventory:

Hand Weapons
 a - a +0 war axe (weapon)
Armour
 b - a +0 scale mail (worn)
Scrolls
 e - a scroll of random uselessness {unknown}
 h - a scroll of remove curse {unknown}
 i - a scroll of teleportation {unknown}
 k - a scroll of fog {unknown}
Potions
 g - a potion of degeneration {unknown}
 j - a potion of curing {unknown}
Comestibles
 c - 4 fruits
 f - a bread ration


   Skills:
 + Level 4.1 Fighting
 * Level 4.3 Axes
 + Level 3.7 Armour
   Level 3.2 Shields


You had 2 spell levels left.
You didn't know any spells.


You were on level 2 of the Dungeon.
You were not hungry.

You visited 1 branch of the dungeon, and saw 2 of its levels.

You collected 74 gold pieces.

.... #...#........##.####.#
.....................## #.#
.....####..........).##.#.#
#..... ####.........#..#.#
##...#. ###..#.###..#P.#.#
#?.....###...##.# #.##P.#.#
.......†##..## .# #.##P.#.#
.........g).###.###.##. #.#
.......###@..........#. #.#
..g.... #...........#. #.#
..(...# ............#P.#.#
...g.. #............#..#.#
...... .............#..#.#
..g.. ..............#..#.#
.g... ##............##.#.#
..........>...## #.#
#.......(....####.#

Notes
Turn   | Place    | Note
--------------------------------------------------------------
     0 | D:1      | ololoev the Hill Orc Fighter began the quest for the Orb.
     0 | D:1      | Reached XP level 1. HP: 19/19 MP: 1/1
    29 | D:1      | Rekenzichi: У меня жопа сгорела от постоянно умирающих ДСов, и чтобы 100% победить, взял дварфа
    93 | D:1      | Reached XP level 2. HP: 27/27 MP: 2/2
   387 | D:1      | Reached XP level 3. HP: 30/33 MP: 3/3
   595 | D:2      | Found a blossoming altar of Fedhas.
   728 | D:2      | Noticed Robin
   733 | D:2      | HP: 1/33 [poisoned by an adder]
   733 | D:2      | Slain by a goblin

Dungeon Overview and Level Annotations

Branches:
Dungeon (2/15)

Altars:
Fedhas

Annotations:
D:2 Robin


Message History

j - a fizzy black potion
k - a scroll labeled ALONIHUVEU 2 bats and an adder come into view.
Found 18 stones.
There are monsters nearby!
The bat barely misses you. The bat closely misses you.
Found 3 scrolls labeled VEX IRACACK.
You slash the bat!
You kill the bat!
The bat hits you but does no damage.
A goblin comes into view. It is wielding a club.
The goblin shouts!
The bat hits you but does no damage. The adder bites you.
The adder barely misses you. 2 goblins come into view.
You closely miss the adder.
The goblin shouts!
The bat hits you but does no damage. The bat barely misses you.
The adder bites you.
You are poisoned.
The adder poisons you!
A goblin and a kobold come into view.
You feel sick.
The kobold shouts!
The bat barely misses you. The adder bites you.
The bat hits you but does no damage.
You miss the bat. The bat hits you but does no damage.
The bat closely misses you. The adder misses you.
You miss the adder.
You feel sick. The adder bites you.
You are more poisoned.
The adder poisons you!
You closely miss the adder. You barely miss the kobold.
The adder barely misses you. The kobold hits you but does no damage.
The adder bites you. The kobold hits you but does no damage.
You closely miss the adder. You barely miss the kobold.
You feel sick. The adder bites you but does no damage.
The kobold closely misses you. The adder barely misses you.
Unknown command.
You hit the adder but do no damage. You closely miss the kobold.
The adder closely misses you. The kobold hits you.
Unknown command.
Drink which item? (? for menu, Esc to quit)
You feel very mighty all of a sudden.
You feel sick. The adder bites you. The kobold hits you but does no damage.
The adder bites you.
You are more poisoned.
The adder poisons you!
You slash the adder!
You kill the adder!
You closely miss the kobold.
You feel sick. The bat misses you. The bat hits you but does no damage.
The kobold closely misses you. The kobold barely misses you.
The bat hits you but does no damage.
Unknown command.
You barely miss the bat. You hit the kobold.
You kill the kobold!
The bat hits you but does no damage. x2
Unknown command.
You miss the bat.
You feel sick. The bat hits you but does no damage. The bat closely misses you.
Unknown command.
You barely miss the bat.
You feel sick. The bat closely misses you.
Robin of the Strong Arm comes into view.
She is wielding a club.
Unknown command.
Press: ? - help, v - describe, . - travel
Here: Robin, wielding a club, wearing an animal skin and wearing a helmet (hasn't noticed you)
The floor.
The bat hits you but does no damage.
You closely miss the bat.
You feel sick. The bat hits you but does no damage. The bat hits you.
The bat hits you but does no damage.
You slice the bat!!
You kill the bat!
The goblin closely misses you.
You slash the goblin!
You kill the goblin!
You feel sick.
You closely miss the goblin. The goblin hits you with a club.
You barely miss the goblin. You slash the goblin!
You kill the goblin!
You feel sick. The goblin closely misses you. The goblin hits you.
You die...

You could see a goblin.

Vanquished Creatures
  An adder (D:2)
  A dart slug (D:1)
  7 bats
  5 giant cockroaches
  2 hobgoblins (D:1)
  4 kobolds
  A quokka (D:2)
  A ball python (D:2)
  4 giant newts
  8 goblins
  5 rats
39 creatures vanquished.

Action                   || total
-------------------------++-------
Melee: War axe           ||    97
  Use: Potion            ||     1
Armor: Scale mail        ||    67
Dodge: Dodged            ||    65

Vault maps used:
D:1:      nicolae_arrival_memento_mori, bh_walls_and_bars
D:2:      serial_aquarium, aquarium_bridge_square, aquarium_window_corridor_3,
          aquarium_window_1, aquarium_view_2c, fedhas_altar_4, uniq_robin,
          uniq_iyjb
